 Dungeon Crawl Stone Soup version 0.19-a0-585-ge40200b (webtiles) character file.

4 syzygy the Magician (level 1, -1/14 HPs)
             Began as a Formicid Wizard on June 9, 2016.
             Slain by a giant cockroach (2 damage)
             ... on level 1 of the Dungeon.
             The game lasted 00:01:52 (953 turns).

syzygy the Magician (Formicid Wizard)                Turns: 953, Time: 00:01:53

Health: -1/14      AC:  2    Str: 11    XL:     1   Next: 77%
Magic:  4/4        EV: 12    Int: 17    God:
Gold:   0          SH:  0    Dex:  9    Spells: 1 memorised, 5 levels left

rFire  . . .     SeeInvis +     e - +0 dagger
rCold  . . .     Gourm    .     a - +0 robe
rNeg   . . .     Faith    .     (no shield)
rPois  .         Spirit   .     (helmet unavailable)
rElec  .         Dismiss  .     (no cloak)
rCorr  .         Reflect  .     (no gloves)
SustAt .         Harm     .     (no boots)
MR     .....                    (no amulet)
Stlth  ++........               (no ring)
                                (no ring)

@: not resistant to hostile enchantments, unstealthy
A: permanent stasis, dig shafts and tunnels, four strong arms, antennae 3
a: Dig, Shaft Self


You were on level 1 of the Dungeon.
You were not hungry.

You visited 1 branch of the dungeon, and saw 2 of its levels.

Inventory:

Hand Weapons
 e - a +0 dagger (weapon)
Missiles
 d - 21 bolts
Armour
 a - a +0 robe (worn)
Books
 b - a book of Minor Magic

   Spells                             Type                      Level
   a - Magic Dart                     Conjuration                  1
   b - Blink                          Translocation                2
   c - Call Imp                       Summoning                    2
   d - Repel Missiles                 Charms/Air                   2
   e - Slow                           Hexes                        2
   f - Conjure Flame                  Conjuration/Fire             3
   g - Mephitic Cloud                 Conjuration/Poison/Air       3
Comestibles
 c - a bread ration


   Skills:
 + Level 0.4 Fighting
 + Level 0.2 Armour
 + Level 2.0 Dodging
 + Level 2.5 Stealth
 - Level 3.2 Spellcasting
 - Level 0.8 Conjurations
   Level 1.0 Summonings
   Level 0.8 Translocations


You had 5 spell levels left.
You knew the following spells:

 Your Spells              Type           Power        Failure   Level  Hunger
a - Magic Dart            Conj           #...         14%         1    None


Dungeon Overview and Level Annotations

Branches:
Dungeon (2/15)

Altars:

Annotations:
D:2 Sigmund


Innate Abilities, Weirdness & Mutations

You are under a permanent stasis effect.
You can dig through walls and to a lower floor.
Your four strong arms can wield two-handed weapons with a shield.
You have a pair of large antennae on your head. (SInv)


Message History

You climb downwards.
A rat, a quokka, a worm and Sigmund come into view.
Found 7 gold pieces, a hardcover book and a brass ring.
Found a stone staircase leading down.
There is a stone staircase leading up here.
The giant cockroach barely misses you.
You climb upwards.
There is a stone staircase leading down here.
The giant cockroach bites you.
* * * LOW HITPOINT WARNING * * *
The giant cockroach barely misses you. The giant cockroach misses you.
The giant cockroach bites you.
* * * LOW HITPOINT WARNING * * *
The giant cockroach bites you but does no damage.
You hit the giant cockroach but do no damage.
The giant cockroach barely misses you. x2
You hit the giant cockroach but do no damage.
The giant cockroach bites you.
You die...

###.......##### #
.........##### ..
#.....#......#
#.##8###8##.###.#
........#..# #.#
#.....#.K# #.#
#..<..#..###.#
#.....#...##.#
#....@sK[....#
#8###8##.###.#
#.....#..###.#
........[....#
.....##########
..###. #. #


You could see a giant cockroach and a kobold.

Vanquished Creatures
  A ball python (D:1)
  A giant cockroach (D:1)
  A goblin (D:1)
  2 rats (D:1)
5 creatures vanquished.

Notes
Turn   | Place    | Note
--------------------------------------------------------------
     0 | D:1      | syzygy the Formicid Wizard began the quest for the Orb.
     0 | D:1      | Reached XP level 1. HP: 13/13 MP: 4/4
   922 | D:2      | Noticed Sigmund
   953 | D:1      | Slain by a giant cockroach

Vault maps used:
D:1:      scummos_arrival_simple_crosswalls, hangedman_decor_growths, hex_large,
          okawaru_ov_weapons_minmay
D:2:      interstate_on_off, nrook_mini_vaults, uniq_crazy_yiuf_cottage,
          uniq_sigmund

Skill      XL: |  1 |
---------------+----+-----
Dodging        | 2 |  2.0
Fighting       | |  0.4
Armour         | |  0.2
Stealth        | |  2.5
Spellcasting   | |  3.2
Conjurations   | |  0.8
Summonings     | |  1.0
Translocations | |  0.8

Action                   || total
-------------------------++-------
Melee: Unarmed           ||    36
       Dagger            ||    14
Armor: Robe              ||    12
Dodge: Dodged            ||    40
